 Dungeon Crawl Stone Soup version 0.26-a0-639-g72c4674329 (webtiles) character file.

Game seed: 17854524823412130881

401 Flugslaktarn the Skirmisher (level 6, -4/56 HPs)
             Began as a Minotaur Fighter on Sept 23, 2020.
             Was an Initiate of Cheibriados.
             Slain by a wight
             ... wielding a +0 great sword
              (11 damage)
             ... on level 6 of the Dungeon.
             The game lasted 00:01:18 (2248 turns).

Flugslaktarn the Skirmisher (Minotaur Fighter)      Turns: 2248, Time: 00:01:19

Health: -4/56      AC: 11    Str: 23    XL:     6   Next: 54%
Magic:  6/6        EV:  3    Int:  6    God:    Cheibriados [......]
Gold:   220        SH:  8    Dex: 11    Spells: 5/5 levels left

rFire    . . .     SeeInvis .   a - +0 war axe
rCold    . . .     Faith    .   c - +0 kite shield
rNeg     . . .     Spirit   .   i - +0 plate armour
rPois    .         Reflect  .   (helmet restricted)
rElec    .         Harm     .   (no cloak)
rCorr    .         Rampage  .   m - +0 pair of gloves
MR       .....                  (no boots)
Stlth    ..........             (no amulet)
HPRegen  0.18/turn              (no ring)
MPRegen  0.10/turn              (no ring)

@: very heavily drained, very slow
A: retaliatory headbutt, horns 2
a: Bend Time, Renounce Religion


You were on level 6 of the Dungeon.
You worshipped Cheibriados.
Cheibriados was noncommittal.
You visited 2 branches of the dungeon, and saw 7 of its levels.

You collected 220 gold pieces.

Inventory:

Hand Weapons
 a - a +0 war axe (weapon)
Armour
 b - a +0 scale mail
 c - a +0 kite shield (worn)
 i - a +0 plate armour (worn)
   (You found it on level 4 of the Dungeon)
 m - a +0 pair of gloves (worn)
   (You found it on level 4 of the Dungeon)
Jewellery
 j - a cursed -4 ring of dexterity {unknown}
   (You found it on level 5 of the Dungeon)
Wands
 h - a wand of iceblast (10)
   (You found it on level 4 of the Dungeon)
 l - a wand of enslavement (7)
   (You found it on level 4 of the Dungeon)
Scrolls
 g - a scroll of fear
 n - a scroll of amnesia
 x - 2 scrolls of remove curse
Potions
 d - a potion of might
 k - a potion of lignification
 o - a potion of heal wounds {unknown}
 p - 2 potions of flight {unknown}


   Skills:
 * Level 5.6(2.1) Fighting
 * Level 5.0(1.5) Axes
 + Level 4.7(1.3) Armour
 + Level 1.6(0.0) Dodging
 + Level 4.6(1.2) Shields
 + Level 1.5(0.0) Invocations


You had 5 spell levels left.
You didn't know any spells.
Your spell library was empty.

Dungeon Overview and Level Annotations

Branches:
Dungeon (6/15)             Temple (1/1) D:4

Altars:
Ashenzari
Cheibriados
Dithmenos
Elyvilon
Fedhas
Gozag
Hepliaklqana
Kikubaaqudgha
Okawaru
Qazlal
Sif Muna
Trog
Uskayaw
Xom
Yredelemnul

Shops:
D:4 *

Annotations:
D:5 2 runed translucent doors, Mesmaeker13's ghost, amateur OpFE


Innate Abilities, Weirdness & Mutations

You reflexively headbutt those who attack you in melee.
You have a pair of horns on your head.


Message History

You feel drained.
You hit the wight but do no damage. You headbutt the wight.
The wight is severely damaged.
You hit the wight. You closely miss the wight.
The wight hits you with a +3 hand axe of freezing.
You feel drained. The wight freezes you. The wight hits you but does no damage.
You feel drained.
The wight hits you with a +0 great sword.
You block the wight's attack.
You are too injured to fight recklessly!
You are too injured to fight recklessly!
You are too injured to fight recklessly!
You are too injured to fight recklessly!
The wight hits you with a cursed +0 flail of draining!
* * * LOW HITPOINT WARNING * * *
You feel drained.
* * * LOW HITPOINT WARNING * * *
You feel drained.
The wight hits you with a +0 great sword!
You die...

##### #... ## ...
..# #.## ##...#
##..# .#...# #
#.@.###.....#
##.#zzz......#
#............#
#............#..
##.......)......
#...........###.
#......)#....#
.........##......
......##.# ##....


You could see 3 wights.

Vanquished Creatures
  An ice beast (D:5)
  2 centaurs (D:5)
  A wight (D:6)
  A howler monkey skeleton (D:4)
  4 adders
  A shadow imp (D:5)
  An adder zombie (D:5)
  3 worms (D:2)
  2 dart slugs
  4 orcs
  5 giant cockroaches
  4 hobgoblins
  2 jackals (D:2)
  4 bats
  7 frilled lizards
  2 goblins
  A kobold (D:2)
45 creatures vanquished.

Vanquished Creatures (others)
  4 fungi (D:2)
  5 plants (D:2)
9 creatures vanquished.

Grand Total: 54 creatures vanquished

Notes
Turn   | Place    | Note
-------+----------+-------------------------------------------
     0 | D:1      | Flugslaktarn the Minotaur Fighter began the quest for the
                  | Orb.
     0 | D:1      | Reached XP level 1. HP: 19/19 MP: 0/0
   280 | D:2      | Reached XP level 2. HP: 21/27 MP: 1/1
   362 | D:2      | Found a blossoming altar of Fedhas.
   429 | D:2      | Found a stormy altar of Qazlal.
   443 | D:2      | Reached XP level 3. HP: 25/33 MP: 2/2
   807 | D:2      | Found a hazy altar of Hepliaklqana.
   879 | D:4      | Found a staircase to the Ecumenical Temple.
   910 | D:4      | Reached XP level 4. HP: 41/41 MP: 3/3
   921 | Temple   | Entered the Ecumenical Temple
  1196 | Temple   | Became a worshipper of Cheibriados the Contemplative
  1326 | D:4      | Found Jewet's General Store.
  1424 | D:4      | Noticed a +0 dagger
  1424 | D:4      | Noticed a +0 hand axe
  1427 | D:4      | Found a hide-covered altar of Uskayaw.
  1594 | D:5      | Entered Level 5 of the Dungeon
  1631 | D:5      | Found a runed translucent door.
  1632 | D:5      | Noticed Mesmaeker13's ghost (amateur OpFE)
  1632 | D:5      | Noticed a bullfrog
  1652 | D:5      | Noticed a centaur
  1659 | D:5      | Killed a centaur
  1659 | D:5      | Reached skill level 5 in Fighting
  1659 | D:5      | Reached XP level 5. HP: 34/48 MP: 4/4
  1753 | D:5      | Found a runed translucent door.
  1814 | D:5      | Found a white marble altar of Elyvilon.
  1884 | D:5      | Found a basalt altar of Yredelemnul.
  1947 | D:5      | Noticed an ice beast
  1955 | D:5      | Killed an ice beast
  1955 | D:5      | Reached skill level 1 in Dodging
  1955 | D:5      | Reached skill level 1 in Invocations
  1955 | D:5      | Reached XP level 6. HP: 37/56 MP: 5/5
  2239 | D:6      | Reached skill level 5 in Axes
  2248 | D:6      | Slain by a wight

Illustrated notes

Levels and vault maps discovered:
D:1:      mrwooster_arrival_statue_2, layout_basic, serial_park_tiny_2
D:2:      layout_loops_ring, grunt_temple_overflow_forces_of_nature,
          lemuel_crystal_altar, minivault_19, minmay_stone_trees_large
D:3:      layout_basic, lemuel_round_altar
D:4:      layout_basic, dancing_weapons_uskayaw,
          minmay_temple_entry_stoned_glass, serial_shops, nicolae_shop_stone
D:5:      layout_rooms, kennysheep_ying_yang, ebering_ghost_sewer_f,
          hangedman_abyss_or_decor_stagger
D:6:      layout_cave_pools, nicolae_overflow_crystal_walls,
          nicolae_overflow_hidden_temple, gammafunk_ghost_icy, uniq_maggie
Temple:   compressed_dpeg_triangle_lava_temple

Skill      XL: |  1  2  3  4  5  6 |
---------------+-------------------+-----
Fighting       | 4 5 |  5.6
Axes           | 3 4 5 |  5.0
Armour         | 4 |  4.7
Shields        | 4 |  4.6
Dodging        | 1 |  1.6
Invocations    | 1 |  1.5

Action                   |  1- 3 |  4- 6 || total
-------------------------+-------+-------++-------
Melee: War axe           |    78 |    48 ||   126
       Headbutt          |    11 |    13 ||    24
  Use: Scroll            |       |     6 ||     6
Armor: Scale mail        |    45 |     1 ||    46
       Plate armour      |       |    32 ||    32
Dodge: Dodged            |    24 |     7 ||    31
Block: Kite shield       |    37 |    23 ||    60

Table legend: (Time is in decaauts)
 A = Elapsed time spent in this place.
 B = Non-inter-level travel time spent in this place.
 C = Inter-level travel time spent in this place.
 D = Time resting spent in this place.
 E = Time spent auto-exploring this place.
 F = Levels seen in this place.
 G = Mean time per level.
                   A        B        C        D        E       F      G
               +--------+--------+--------+--------+--------+-----+--------+
         Total |   2528 |   2370 |    158 |      0 |   2002 |   7 |  361.1 |
       Dungeon |   2238 |   2103 |    135 |      0 |   1746 |   6 |  373.0 |
        Temple |    289 |    267 |     22 |      0 |    256 |   1 |  289.0 |
               +--------+--------+--------+--------+--------+-----+--------+

Top non-repeatable levels by time:
     D:5: 767 daAuts
     D:2: 630 daAuts
     D:4: 532 daAuts
  Temple: 289 daAuts
     D:1: 243 daAuts
     D:3: 37 daAuts
     D:6: 27 daAuts
